 Dungeon Crawl Stone Soup version 0.23.2-1-ga50397a (webtiles) character file.

Game seed: 6521627418534947670

126 Leeroy the Conjurer (level 4, -7/33 HPs)
             Began as a Draconian Conjurer on Apr 15, 2019.
             Mangled by an ogre
             ... wielding a +0 giant club
              (26 damage)
             ... on level 3 of the Dungeon.
             The game lasted 00:08:40 (4461 turns).

Leeroy the Conjurer (Draconian Conjurer)            Turns: 4461, Time: 00:08:40

Health: -7/33      AC:  5    Str: 10    XL:     4   Next: 83%
Magic:  4/7        EV: 12    Int: 16    God:
Gold:   114        SH:  0    Dex: 12    Spells: 0/7 levels left

rFire    . . .     SeeInvis .   A - +0 falchion
rCold    . . .     Gourm    .   (no shield)
rNeg     . . .     Faith    .   (armour unavailable)
rPois    .         Spirit   .   (helmet restricted)
rElec    .         Reflect  .   (no cloak)
rCorr    .         Harm     .   (no gloves)
MR       .....                  (no boots)
Stlth    ++........             (no amulet)
HPRegen  0.11/turn              (no ring)
MPRegen  0.10/turn              (no ring)

@: no status effects
A: unfitting armour, cold-blooded, AC +5
a: no special abilities


You were on level 3 of the Dungeon.
You were hungry.

You visited 1 branch of the dungeon, and saw 4 of its levels.

You collected 114 gold pieces.

Inventory:

Hand Weapons
 c - a +0 club
 e - a +0 dagger
 f - a +0 short sword
 v - a +0 short sword
 y - a +1 dagger of protection
 A - a +0 falchion (weapon)
Missiles
 a - 55 stones (quivered)
 d - 72 sling bullets
 w - 5 needles of paralysis
Jewellery
 o - an uncursed ring of fire {unknown}
 u - a +6 amulet of reflection {unknown}
Scrolls
 g - 2 scrolls of magic mapping {unknown}
 j - 3 scrolls of identify {unknown}
 l - a scroll of teleportation {unknown}
 m - 4 scrolls of remove curse {unknown}
 q - a scroll of blinking {unknown}
 r - a scroll of fog {unknown}
 x - a scroll of random uselessness {unknown}
Potions
 h - a potion of mutation {unknown}
 i - a potion of haste {unknown}
 k - a potion of berserk rage {unknown}
 n - a potion of degeneration {unknown}
 p - a potion of lignification {unknown}
 s - a potion of cancellation {unknown}
 t - a potion of magic {unknown}
 z - 2 potions of might {unknown}
Comestibles
 b - 6 rations


   Skills:
 - Level 1.7 Dodging
 - Level 1.7 Stealth
 - Level 2.0 Spellcasting
 - Level 6.2 Conjurations


You couldn't memorise any spells.
You knew the following spells:

 Your Spells              Type           Power        Failure   Level  Hunger
a - Magic Dart            Conj           ###.         1%          1    #......
b - Searing Ray           Conj           ###...       2%          2    ###....
c - Dazzling Spray        Conj/Hex       ##....       17%         3    ###....
d - Animate Skeleton      Necr           N/A          21%         1    #......

Your spell library contained the following spells:

 Spells                   Type           Power        Failure   Level  Hunger
 Iskenderun's Mystic Bla  Conj           ###.....     16%         4    #####..
 Apportation              Tloc           #.....       21%         1    #......
 Confusing Touch          Hex            #.....       21%         1    #......
 Summon Small Mammal      Summ           #...         21%         1    #......
 Force Lance              Conj/Tloc      ##......     50%         4    #####..
 Fulminant Prism          Conj/Hex       ##........   50%         4    #####..


Dungeon Overview and Level Annotations

Branches:
Dungeon (4/15)
 Temple: D:4-7

Altars:
Ru


Innate Abilities, Weirdness & Mutations

Your plain brown scales are hard. (AC +5)
You cannot fit into any form of body armour.
You are cold-blooded and may be slowed by cold attacks.


Message History

The ogre is dazzled.
Your orc priest skeleton hits the ogre.
The ogre barely misses your orc priest skeleton.
Your orc priest skeleton closely misses the ogre.
The ogre hits your orc priest skeleton with a +0 giant club!!
Your orc priest skeleton is destroyed!
Casting: Dazzling Spray (safe; 17% risk of failure)
Confirm with . or Enter, or press ? or * to list all spells.
Okay, then.
You hit the ogre.
The ogre is moderately wounded.
The ogre is no longer blind.
The ogre barely misses you.
You hit the ogre.
The ogre is heavily wounded.
The ogre hits you with a +0 giant club!
You hit the ogre. You tail-slap the ogre.
The ogre is severely wounded.
The ogre hits you with a +0 giant club!!
Ouch! That really hurt!
You die...

#.#####.## ##.....# #.# ####. #.#
#.## ##.##.# #.# #. #.# ##.##
##Z###.# #.### #. #'##
##.###.####.# #...# #. ...##
##.#.......# ###.# ##
....######....Z..## #.# ##
.....##........#.# ##.## ##<
......#.##...#.#.#######...####..
.Z....'.........@O............'..
......#.##...#.#.#######...####..
.....##.##...#.#.# ##.## ##.
....###.##.#.#.#.# #####.#######
...####.##.#.#.#.# #.........#..
#................# #.###.###.#.#
#..######.##.##### # #.# #. #..#
####.##.# #.# #.#.# #..#
#.......# #.. .....


You could see an ogre.

Vanquished Creatures
  An orc priest (D:3)
  2 adders
  An ooze (D:1)
  2 worms
  2 leopard geckos (D:1)
  5 orcs
  10 bats
  3 giant cockroaches
  7 goblins
  5 hobgoblins
  A quokka (D:2)
  2 ball pythons
  5 frilled lizards
  13 kobolds
  3 rats
62 creatures vanquished.

Notes
Turn   | Place    | Note
-------+----------+-------------------------------------------
     0 | D:1      | Leeroy the Draconian Conjurer began the quest for the Orb.
     0 | D:1      | Reached XP level 1. HP: 14/14 MP: 3/3
    72 | D:1      | Reached XP level 2. HP: 4/20 MP: 0/5
    76 | D:1      | Learned a level 2 spell: Searing Ray
   385 | D:1      | Reached skill level 5 in Conjurations
   404 | D:1      | Reached XP level 3. HP: 26/26 MP: 1/6
  1253 | D:2      | HP: 1/26 [kobold/+0 whip (4)]
  2256 | D:3      | Reached XP level 4. HP: 33/33 MP: 2/7
  2261 | D:3      | Learned a level 3 spell: Dazzling Spray
  2362 | D:3      | Noticed an ogre
  3474 | D:3      | Found a sacrificial altar of Ru.
  4139 | D:3      | Reached skill level 6 in Conjurations
  4348 | D:3      | Learned a level 1 spell: Animate Skeleton
  4461 | D:3      | Mangled by an ogre

Skill      XL: |  1  2  3  4 |
---------------+-------------+-----
Conjurations   | 5 6 |  6.2
Dodging        | |  1.7
Stealth        | |  1.7
Spellcasting   | |  2.0

Action                   |  1- 3 |  4- 6 || total
-------------------------+-------+-------++-------
Melee: Club              |    14 |       ||    14
       Dagger            |    32 |       ||    32
       Tailslap          |     7 |     7 ||    14
       Short sword       |    60 |    18 ||    78
       Falchion          |       |    45 ||    45
Throw: Stone             |     3 |       ||     3
 Cast: Magic Dart        |    37 |       ||    37
       Searing Ray       |     5 |     2 ||     7
       Dazzling Spray    |       |     4 ||     4
       Animate Skeleton  |       |     1 ||     1
 Stab: Sleeping          |     4 |       ||     4
       Invisible         |       |     1 ||     1
  Eat: Chunk             |     5 |     7 ||    12
Armor: Skin              |    37 |    43 ||    80
Dodge: Dodged            |    77 |    76 ||   153
       Rpst.: Falchion   |       |     7 ||     7
